 Dungeon Crawl Stone Soup version 0.30.1-1-g62c8e00024 (webtiles) character file.

Game seed: 11047720994774051894

7956 ghostyTrickster the Thaumaturge (level 11, -16/86 HPs)
             Began as a Gnoll Wanderer on July 17, 2023.
             Was a Believer of Vehumet.
             Killed themself with a badly aimed concussive blast (22 damage)
             ... on level 8 of the Dungeon.
             The game lasted 01:46:29 (10968 turns).

ghostyTrickster the Thaumaturge (Gnoll Wanderer)   Turns: 10968, Time: 01:46:29

Health: -16/86     AC: 10    Str:  8    XL:     11   Next: 23%
Magic:  12/26      EV: 15    Int: 23    God:    Vehumet [**....]
Gold:   462        SH:  0    Dex: 14    Spells: 14/32 levels left

rFire   . . .        a - +2 falchion (elec)
rCold   . . .        (no shield)
rNeg    . . .        V - +0 steam dragon scales
rPois   .            (no helmet)
rElec   .            b - +2 cloak
rCorr   .            (no gloves)
SInv    +            l - +0 pair of boots
Will    .....        (no amulet)
Stlth   +++          m - ring of see invisible
HPRegen 0.34/turn    M - +6 ring of intelligence
MPRegen 0.20/turn

%: no passive effects
@: no status effects
A: fangs 1, strong nose, distributed training
a: Renounce Religion


You were on level 8 of the Dungeon.
You worshipped Vehumet.
Vehumet was pleased with you.
You visited 2 branches of the dungeon, and saw 9 of its levels.

You collected 462 gold pieces.

Inventory:

Hand Weapons
 a - a +2 falchion of electrocution (weapon)
 g - a +3 quarterstaff of chaos
 h - a +0 hammer
 o - a +2 rapier of draining
 p - a +0 sling
 q - a +0 spear
 y - a +0 dagger of protection
 J - a +0 shortbow
 P - a +0 scythe
 T - a +2 dagger of venom
 U - a +1 flail of draining
Missiles
 e - 71 stones
 G - a throwing net
Armour
 b - a +2 cloak (worn)
 d - a +1 robe
 l - a +0 pair of boots (worn)
 r - a +0 crystal plate armour
 s - a +0 leather armour
 t - a +0 ring mail
 u - a +0 robe
 A - a +0 scale mail
 B - a +0 chain mail
 I - a +0 plate armour
 V - +0 steam dragon scales (worn)
Magical Staves
 X - a staff of air
Jewellery
 m - a ring of see invisible (left hand)
 n - a ring of flight
 K - a ring of fire
 M - a +6 ring of intelligence (right hand)
Wands
 w - a wand of digging (5)
 x - a wand of flame (31)
 F - a wand of paralysis (12)
 R - a wand of quicksilver (14)
Scrolls
 f - a scroll of vulnerability
 D - a scroll of brand weapon
 N - 2 scrolls of magic mapping
 Y - a scroll of poison
Potions
 c - a potion of berserk rage {unknown}
 i - a potion of heal wounds
 j - a potion of brilliance {unknown}
 k - 2 potions of invisibility
 v - 2 potions of lignification
 z - 3 potions of flight
 E - 3 potions of mutation {unknown}
 H - a potion of degeneration {unknown}
 L - a potion of haste {unknown}
 Q - a potion of cancellation {unknown}
 S - a potion of ambrosia {unknown}
 W - a potion of might {unknown}


   Skills:
 + Level 7.9 Fighting
 + Level 6.3 Short Blades
 + Level 9.2 Long Blades
 + Level 6.3 Axes
 + Level 6.3 Maces & Flails
 + Level 6.3 Polearms
 + Level 6.3 Staves
 + Level 6.3 Ranged Weapons
 + Level 6.3 Throwing
 + Level 6.3 Armour
 + Level 6.9 Dodging
 + Level 6.3 Stealth
 + Level 6.3 Shields
 + Level 6.3 Unarmed Combat
 + Level 11.2 Spellcasting
 + Level 5.2 Conjurations
 + Level 5.2 Hexes
 + Level 5.2 Summonings
 + Level 5.2 Necromancy
 + Level 5.2 Translocations
 + Level 5.2 Transmutations
 + Level 5.2 Fire Magic
 + Level 5.2 Ice Magic
 + Level 5.2 Air Magic
 + Level 5.2 Earth Magic
 + Level 5.2 Poison Magic
 + Level 6.9 Invocations
 + Level 6.3 Evocations


You had 14 spell levels left.
You knew the following spells:

 Your Spells              Type           Power      Damage    Failure   Level
a - Foxfire               Conj/Fire      100%       2x1d9     1%          1
b - Call Canine Familiar  Summ           37%        N/A       1%          3
c - Tukima's Dance        Hex            37%        N/A       1%          3
d - Summon Small Mammal   Summ           100%       N/A       1%          1
e - Necrotise             Necr           100%       1d9       1%          1
f - Freeze                Ice            100%       1d10      1%          1
g - Summon Guardian Gole  Hex/Summ       37%        N/A       1%          3
h - Wereblood             Tmut           37%        N/A       1%          2
i - Volatile Blastmotes   Fire/Tloc      74%        2d16      1%          3

Your spell library contained the following spells:

 Spells                   Type           Power      Damage    Failure   Level
 Apportation              Tloc           74%        N/A       1%          1
 Beastly Appendage        Tmut           74%        N/A       1%          1
 Frozen Ramparts          Ice            74%        1d12      1%          3
 Inner Flame              Hex/Fire       37%        N/A       1%          3
 Portal Projectile        Hex/Tloc       74%        N/A       1%          3
 Spider Form              Tmut/Pois      37%        N/A       1%          3
 Ice Form                 Ice/Tmut       37%        N/A       6%          4
 Leda's Liquefaction      Hex/Erth       18%        N/A       6%          4
 Summon Ice Beast         Ice/Summ       37%        N/A       6%          4
 Blade Hands              Tmut           18%        N/A       16%         5
 Borgnjor's Revivificati  Necr           18%        N/A       100%        8
 Necromutation            Tmut/Necr      18%        N/A       100%        8
 Death's Door             Necr           18%        N/A       100%        9


Dungeon Overview and Level Annotations

Branches:
Dungeon (8/15)             Temple (1/1) D:5            Lair (0/5) D:8

Altars:
Ashenzari
Cheibriados
Dithmenos
Elyvilon
Fedhas
Gozag
Hepliaklqana
Kikubaaqudgha
Makhleb
Nemelex Xobeh
Ru
Sif Muna
Trog
Uskayaw
Vehumet
Wu Jian
Xom
Yredelemnul
Zin
The Shining One


Innate Abilities, Weirdness & Mutations

You have very sharp teeth.
Your uncanny sense of smell can sniff out nearby items.
Your experience applies equally to all skills.


Message History

Confirm with . or Enter, or press ? or * to list all spells.
A cloud of volatile blastmotes flares up around you!
Casting: Volatile Blastmotes (safe; 1% risk of failure)
Confirm with . or Enter, or press ? or * to list all spells.
Casting: Call Canine Familiar (safe; 1% risk of failure)
Confirm with . or Enter, or press ? or * to list all spells.
Casting: Summon Small Mammal (safe; 1% risk of failure)
Confirm with . or Enter, or press ? or * to list all spells.
Your hound bites the orc.
The orc hits you but does no damage.
Your hound closely misses the orc.
The orc hits you with a +0 mace.
* * * LOW HITPOINT WARNING * * *
Your hound bites the orc.
You hit the orc but do no damage.
The orc is almost dead.
Your hound closely misses the orc.
The orc hits you but does no damage.
Your quokka bites the orc.
The orc dies!
Vehumet accepts your kill.
Casting: Summon Small Mammal (safe; 1% risk of failure)
Confirm with . or Enter, or press ? or * to list all spells.
A cloud of volatile blastmotes flares up around you!
You swap places.
The cloud of blastmotes explodes!
The concussive blast engulfs your quokka!
You kill your quokka!
Your quokka's corpse disappears in a puff of smoke!
The concussive blast engulfs your quokka!!
You kill your quokka!
Your quokka's corpse disappears in a puff of smoke!
The concussive blast engulfs you!
* * * LOW HITPOINT WARNING * * *
The concussive blast engulfs your hound!!
Your hound is severely wounded.
Your hound is knocked back by the blast.
The cloud of blastmotes explodes!
The concussive blast engulfs your guardian golem!
Your guardian golem resists.
Your guardian golem is lightly damaged.
The concussive blast engulfs you!!
You die...

*,,,,*,*
#.#..#.#..##...........#
********
#.#..#.#..##...........#
,,,,*,*
##.####.#..##...........#
*,,,*,*
#.....#.#..##...........#
,,,,*,*
#####.#.#..##...........#
,,,,*,*
##'#.....'............
,,,,*,*
#...h.####............
,,,,#,*
#.....'...............
,,,*..**
#...§@##########......
**,,...##* #..§).#
#.........
,,,,.....#*#..)9.#
#.........
,,,,......##.....#
#....>....
,,,,.......#.....#
#.........
,,,,>).....))....#
#########'
,,,,.......#.....# #.
,,,,......##.....# #.
,,,,.....#*####### #.


You could see a friendly guardian golem (summoned) and a friendly hound
(summoned, sheltered).

Vanquished Creatures
  Pikel (D:8)
  Maurice (D:8)
  A troll (D:8)
  Sigmund (D:6)
  3 steam dragons
  3 wargs (D:8)
  A water moccasin (D:7)
  2 black bears
  2 orc warriors (D:8)
  A sky beast (D:7)
  2 ice beasts (D:7)
  An ogre (D:5)
  2 centaurs
  A phantom (D:5)
  2 scorpions
  A bullfrog (D:8)
  A howler monkey (D:3)
  A jelly (D:6)
  An orc priest (D:6)
  A gnoll bouda (D:3)
  4 hounds
  Jessica (D:3)
  16 orc wizards
  An iguana (D:5)
  7 adders
  21 gnolls
  A white imp (D:5)
  2 ufetubi (D:6)
  2 worms
  3 dart slugs (D:1)
  47 orcs
  8 bats
  9 endoplasms
  3 giant cockroaches
  6 goblins
  2 hobgoblins (D:4)
  19 jackals
  4 quokkas
  5 ball pythons
  A frilled lizard (D:1)
  7 kobolds
  5 rats
203 creatures vanquished.

Vanquished Creatures (collateral kills)
  A two-headed ogre (D:8)
  Maggie (D:8)
  A hornet (D:7)
  A wyvern (D:8)
  A yak (D:8)
  Duvessa (D:7)
  A centaur (D:8)
  A gnoll sergeant (D:3)
  Dowan (D:7)
  2 howler monkeys (D:7)
  2 hounds
  3 orc priests
  Crazy Yiuf (D:7)
  A gnoll bouda (D:6)
  3 iron imps (D:5)
  An orc wizard (D:4)
  6 gnolls
  An adder (D:6)
  10 orcs
  2 kobolds (D:8)
41 creatures vanquished.

Vanquished Creatures (others)
  A two-headed ogre (D:7)
  4 yaks (D:8)
  10 dancing weapons
  2 orc warriors (D:8)
  A kobold brigand (D:8)
  4 wights (D:8)
  An orc wizard (D:8)
  A kobold (D:8)
  608 foxfires
632 creatures vanquished.

Grand Total: 876 creatures vanquished

Notes
Turn   | Place    | Note
-------+----------+-------------------------------------------
     0 | D:1      | Reached skill level 9 in Spellcasting
     0 | D:1      | ghostyTrickster the Gnoll Wanderer began the quest for the
                  | Orb.
     0 | D:1      | ghostyTrickster set off with the following items: a +2
                  | falchion, a +0 cloak, a scroll of summoning, a +0 robe; and
                  | the following spell memorised: Foxfire; and the following
                  | spells available to memorise: Inner Flame.
     0 | D:1      | Reached XP level 1. HP: 20/20 MP: 10/10
   160 | D:1      | Reached XP level 2. HP: 26/26 MP: 9/12
   402 | D:1      | Reached XP level 3. HP: 31/31 MP: 6/13
   489 | D:1      | Reached skill level 1 in Invocations
   713 | D:1      | Reached skill level 1 in Short Blades
   713 | D:1      | Reached skill level 1 in Axes
   713 | D:1      | Reached skill level 1 in Maces & Flails
   713 | D:1      | Reached skill level 1 in Polearms
   713 | D:1      | Reached skill level 1 in Staves
   713 | D:1      | Reached skill level 1 in Ranged Weapons
   713 | D:1      | Reached skill level 1 in Throwing
   713 | D:1      | Reached skill level 1 in Armour
   713 | D:1      | Reached skill level 1 in Stealth
   713 | D:1      | Reached skill level 1 in Shields
   713 | D:1      | Reached skill level 1 in Unarmed Combat
   713 | D:1      | Reached skill level 1 in Evocations
   920 | D:1      | Learned a level 3 spell: Call Canine Familiar
  1227 | D:2      | Learned a level 3 spell: Tukima's Dance
  1303 | D:2      | Reached XP level 4. HP: 29/38 MP: 13/15
  1430 | D:2      | Reached skill level 1 in Conjurations
  1430 | D:2      | Reached skill level 1 in Hexes
  1430 | D:2      | Reached skill level 1 in Summonings
  1430 | D:2      | Reached skill level 1 in Necromancy
  1430 | D:2      | Reached skill level 1 in Translocations
  1430 | D:2      | Reached skill level 1 in Transmutations
  1430 | D:2      | Reached skill level 1 in Fire Magic
  1430 | D:2      | Reached skill level 1 in Ice Magic
  1430 | D:2      | Reached skill level 1 in Air Magic
  1430 | D:2      | Reached skill level 1 in Earth Magic
  1430 | D:2      | Reached skill level 1 in Poison Magic
  1807 | D:3      | Noticed Jessica
  1823 | D:3      | Reached XP level 5. HP: 37/43 MP: 3/16
  1826 | D:3      | Killed Jessica
  2052 | D:3      | Reached XP level 6. HP: 50/50 MP: 9/18
  2055 | D:3      | Reached skill level 5 in Fighting
  2626 | D:3      | Reached XP level 7. HP: 35/56 MP: 6/20
  2777 | D:3      | Learned a level 1 spell: Summon Small Mammal
  4201 | D:4      | Learned a level 1 spell: Necrotise
  4573 | D:5      | Entered Level 5 of the Dungeon
  4895 | D:5      | Reached XP level 8. HP: 63/63 MP: 15/21
  5027 | D:5      | Found a burning altar of Makhleb.
  5287 | D:5      | Reached skill level 10 in Spellcasting
  5487 | D:5      | Found a staircase to the Ecumenical Temple.
  5526 | Temple   | Entered the Ecumenical Temple
  5627 | Temple   | Became a worshipper of Vehumet
  5777 | D:6      | Noticed Sigmund
  5786 | D:6      | Killed Sigmund
  6149 | D:6      | Reached XP level 9. HP: 69/69 MP: 19/23
  6276 | D:6      | Reached * piety under Vehumet
  6276 | D:6      | Offered knowledge of Freeze by Vehumet.
  6279 | D:6      | Reached skill level 5 in Dodging
  6409 | D:6      | Learned a level 1 spell: Freeze
  7546 | D:7      | Noticed a hornet
  7552 | D:7      | Paralysed by a hornet for 3 turns
  7553 | D:7      | Killed a hornet
  7755 | D:7      | Reached skill level 5 in Invocations
  7851 | D:7      | Found a sparkling altar of Nemelex Xobeh.
  7853 | D:7      | Found a glowing silver altar of Zin.
  7935 | D:7      | Noticed Dowan
  7940 | D:7      | Noticed Duvessa
  7942 | D:7      | Killed Dowan
  7951 | D:7      | Killed Duvessa
  7996 | D:7      | Learned a level 3 spell: Summon Guardian Golem
  8190 | D:7      | Noticed a two-headed ogre
  8212 | D:7      | Killed a two-headed ogre
  8213 | D:7      | Reached skill level 5 in Short Blades
  8213 | D:7      | Reached skill level 5 in Axes
  8213 | D:7      | Reached skill level 5 in Maces & Flails
  8213 | D:7      | Reached skill level 5 in Polearms
  8213 | D:7      | Reached skill level 5 in Staves
  8213 | D:7      | Reached skill level 5 in Ranged Weapons
  8213 | D:7      | Reached skill level 5 in Throwing
  8213 | D:7      | Reached skill level 5 in Armour
  8213 | D:7      | Reached skill level 5 in Stealth
  8213 | D:7      | Reached skill level 5 in Shields
  8213 | D:7      | Reached skill level 5 in Unarmed Combat
  8213 | D:7      | Reached skill level 5 in Evocations
  8213 | D:7      | Reached XP level 10. HP: 50/77 MP: 12/24
  8508 | D:7      | Found a large runed translucent door.
  8509 | D:7      | Found a large runed translucent door.
  8520 | D:7      | Found a shimmering altar of Xom.
  8547 | D:7      | Found a basalt altar of Yredelemnul.
  8700 | D:7      | Found a runed translucent door.
  8701 | D:7      | Noticed Crazy Yiuf
  8714 | D:7      | Killed Crazy Yiuf
  9291 | D:8      | Offered knowledge of Searing Ray by Vehumet.
  9679 | D:8      | Reached ** piety under Vehumet
 10456 | D:8      | Noticed Maggie
 10478 | D:8      | Killed Maggie
 10579 | D:8      | Reached skill level 11 in Spellcasting
 10733 | D:8      | Noticed Maurice
 10740 | D:8      | Killed Maurice
 10741 | D:8      | Reached skill level 5 in Conjurations
 10741 | D:8      | Reached skill level 5 in Hexes
 10741 | D:8      | Reached skill level 5 in Summonings
 10741 | D:8      | Reached skill level 5 in Necromancy
 10741 | D:8      | Reached skill level 5 in Translocations
 10741 | D:8      | Reached skill level 5 in Transmutations
 10741 | D:8      | Reached skill level 5 in Fire Magic
 10741 | D:8      | Reached skill level 5 in Ice Magic
 10741 | D:8      | Reached skill level 5 in Air Magic
 10741 | D:8      | Reached skill level 5 in Earth Magic
 10741 | D:8      | Reached skill level 5 in Poison Magic
 10741 | D:8      | Reached XP level 11. HP: 85/85 MP: 10/26
 10744 | D:8      | Learned a level 2 spell: Wereblood
 10897 | D:8      | Noticed Pikel
 10902 | D:8      | Noticed a two-headed ogre
 10910 | D:8      | Killed Pikel
 10917 | D:8      | Offered knowledge of Volatile Blastmotes by Vehumet.
 10924 | D:8      | Found a staircase to the Lair.
 10937 | D:8      | Killed a two-headed ogre
 10938 | D:8      | Learned a level 3 spell: Volatile Blastmotes
 10968 | D:8      | Killed themself with a badly aimed concussive blast

Illustrated notes

Levels and vault maps discovered:
D:1:      dpeg_arrival_solitude, layout_basic
D:2:      layout_basic
D:3:      lemuel_castle_with_subvaults [lemuel_castle_interior_carwin_3],
          layout_basic, uniq_jessica
D:4:      layout_basic
D:5:      layout_basic, demons_altar, minmay_temple_entry_stoned_glass,
          minivault_4, hex_intersection, dk_noncrumbling_3
D:6:      layout_layer_cave, uniq_sigmund
D:7:      layout_basic, nicolae_overflow_hidden_temple, jmf_multi_god_temple2,
          kennysheep_flooded_box, uniq_duvessa, uniq_crazy_yiuf_cottage
D:8:      layout_basic, erik_lair_orcish_takeover, special_room
          [special_room_orc], uniq_maggie, uniq_maurice, uniq_pikel
Temple:   minmay_freezing_vapour_temple

Skill      XL: |  1  2  3  4  5  6  7  8  9 10 |
---------------+-------------------------------+-----
Spellcasting   | 10 11 | 11.2
Invocations    | 1 2 3 4 5 6 |  6.9
Short Blades   | 1 2 3 5 6 |  6.3
Axes           | 1 2 3 5 6 |  6.3
Maces & Flails | 1 2 3 5 6 |  6.3
Polearms       | 1 2 3 5 6 |  6.3
Staves         | 1 2 3 5 6 |  6.3
Ranged Weapons | 1 2 3 5 6 |  6.3
Throwing       | 1 2 3 5 6 |  6.3
Armour         | 1 2 3 5 6 |  6.3
Stealth        | 1 2 3 5 6 |  6.3
Shields        | 1 2 3 5 6 |  6.3
Unarmed Combat | 1 2 3 5 6 |  6.3
Evocations     | 1 2 3 5 6 |  6.3
Conjurations   | 1 2 3 4 5 |  5.2
Hexes          | 1 2 3 4 5 |  5.2
Summonings     | 1 2 3 4 5 |  5.2
Necromancy     | 1 2 3 4 5 |  5.2
Translocations | 1 2 3 4 5 |  5.2
Transmutations | 1 2 3 4 5 |  5.2
Fire Magic     | 1 2 3 4 5 |  5.2
Ice Magic      | 1 2 3 4 5 |  5.2
Air Magic      | 1 2 3 4 5 |  5.2
Earth Magic    | 1 2 3 4 5 |  5.2
Poison Magic   | 1 2 3 4 5 |  5.2
Dodging        | 3 4 5 6 |  6.9
Fighting       | 5 6 7 |  7.9
Long Blades    | 7 8 9 |  9.2

Action                     |  1- 3 |  4- 6 |  7- 9 | 10-12 || total
---------------------------+-------+-------+-------+-------++-------
  Melee: Falchion          |    43 |   144 |    85 |    91 ||   363
         Bite              |     4 |    23 |     8 |     6 ||    41
         Punch             |     1 |     1 |     3 |     2 ||     7
   Cast: Foxfire           |    61 |    56 |   187 |    76 ||   380
         Call Canine Famil |     2 |     2 |    16 |    13 ||    33
         Tukima's Dance    |       |    17 |    13 |    13 ||    43
         Summon Small Mamm |       |       |    59 |    22 ||    81
         Necrotise         |       |       |     7 |       ||     7
         Freeze            |       |       |     2 |       ||     2
         Summon Guardian G |       |       |     1 |    20 ||    21
         Wereblood         |       |       |       |     4 ||     4
         Volatile Blastmot |       |       |       |     2 ||     2
  Evoke: Wand              |       |       |     1 |       ||     1
    Use: Scroll            |     7 |     4 |    10 |     4 ||    25
         Potion            |       |       |     2 |     2 ||     4
   Stab: Distracted        |       |     1 |       |       ||     1
         Sleeping          |       |       |     1 |       ||     1
 Armour: Robe              |    17 |    25 |    29 |       ||    71
         Steam dragon scal |       |       |     3 |    26 ||    29
  Dodge: Dodged            |    31 |    60 |    95 |    86 ||   272
